 Dungeon Sprint DCSS version 0.28-a0-1382-g92835e5c71 (webtiles) character file.

Game seed: 3257112022855563230

24 mhtbhm the Skirmisher (level 3, 0/39 HPs)
             Began as a Gargoyle Berserker on Jan 1, 2022.
             Was a Believer of Trog.
             Slain by a water elemental (15 damage)
             ... in the Dungeon (Sprint III: "The Ten Rune Challenge").
             The game lasted 00:00:36 (284 turns).

mhtbhm the Skirmisher (Gargoyle Berserker)           Turns: 284, Time: 00:00:36

Health: 0/39       AC:  5    Str: 22    XL:     3   Next: 2%
Magic:  3/3        EV: 12    Int:  7    God:    Trog [**....]
Gold:   30         SH:  0    Dex:  9    Spells: 2/2 levels left

rFire   . . .      SeeInvis .   a - +2 mace (vorpal)
rCold   . . .      Faith    .   (no shield)
rNeg    + . .      Spirit   .   b - +0 animal skin
rPois   ∞          Reflect  .   (no helmet)
rElec   +          Harm     .   (no cloak)
rCorr   .          Rampage  .   (no gloves)
Will    .....      NoTele   +   (no boots)
Stlth   ..........              (no amulet)
HPRegen 0.13/turn               (no ring)
MPRegen 0.08/turn               (no ring)

@: berserking, very quick
A: sickness immunity, AC +3, negative energy resistance 1, electricity
resistance, torment resistance 1, petrification resistance
a: Renounce Religion, Berserk, Trog's Hand


You were in the Dungeon.
You worshipped Trog.
Trog was pleased with you.
You visited 1 branch You collected 30 gold pieces.

Inventory:

Hand Weapons
 a - a +2 vorpal mace (weapon)
Armour
 b - a +0 animal skin (worn)
Scrolls
 h - a scroll of blinking
 i - a scroll of holy word {unknown}
 j - 2 scrolls of identify {unknown}
 k - a scroll of torment {unknown}
Potions
 c - 3 potions of curing
 d - 2 potions of heal wounds
 e - a potion of haste
 f - 2 potions of magic
 g - a potion of berserk rage
 l - a potion of attraction {unknown}
 m - 4 potions of mutation


   Skills:
 + Level 5.0 Fighting
 + Level 4.8 Maces & Flails
 + Level 2.9 Armour
 + Level 2.1 Dodging


You had 2 spell levels left.
You didn't know any spells.
Your spell library was empty.

Dungeon Overview and Level Annotations

Branches:
Dungeon (1/1)

Altars:


Innate Abilities, Weirdness & Mutations

You are immune to sickness and miasma.
Your stone body is resilient. (AC +3)
You are immune to poison.
You resist negative energy. (rN+)
You are resistant to electric shocks. (rElec)
You are resistant to unholy torment.
You are immune to petrification.


Message History

You feel a strong urge to attack something.
You feel your anger nearly subside.
You are no longer berserk.
You are exhausted.
You feel yourself slow down.
You open the door.
Found 30 gold pieces and 2 potions of mutation.
There is an open door here.
You now have 11 gold pieces.
i - a scroll labelled REYTIK KAICS;
j - a scroll labelled XIL NEIQAYGIZO
c - 2 potions of curing (gained 1)
Things that are here:
a potion of mutation; 2 potions of mutation
k - a scroll labelled GIDYM FOOK OTA
j - 2 scrolls labelled XIL NEIQAYGIZO (gained 1)
c - 3 potions of curing (gained 1);
l - a silvery potion You see here a potion of mutation.
You now have 30 gold pieces (gained 19).
You see here a potion of mutation.
m - a potion of mutation
m - 2 potions of mutation (gained 1);
m - 4 potions of mutation (gained 2)
You start waiting.
You feel yourself speed up.
There is an open door here.
You start waiting.
You recover from your berserk rage.
You open the door.
A water elemental comes into view.
The water elemental hits you!
Ouch! That really hurt!
The water elemental engulfs you in water!
There is an open door to the Ecumenical Temple here.
Okay, then.
You slip free of the water engulfing you.
The water engulfing you falls away.
A red film seems to cover your vision as you go berserk!
You feel yourself moving faster!
You feel mighty! The water elemental misses you.
You completely miss the water elemental.
The water elemental hits you!
You die...

▓▓▓▓▓▓▓▓ ▓▓▓ <..#...####
##.# ...#......#####..#
..##.)..÷..#..#..#
##.##.##...#..#..###+#+##
##.##.###..##'#..#.......
#.####.##..###..@E.⌠.....
.###..##.†####...#...####
#.....##..###....#.⌠.#
###..##...##.....#...#
##†.##....#......#+###
#..###..##.#.....# #..#
#.. ####....# ▓▓▓▓ ▓▓▓
▓▓▓▓▓▓


You could see a water elemental.

Vanquished Creatures
  A human (D)
  A phantom (D)
  An endoplasm (D)
  3 rats (D)
6 creatures vanquished.

Notes
Turn   | Place    | Note
-------+----------+-------------------------------------------
     0 | D        | mhtbhm the Gargoyle Berserker began the quest for the Orb.
     0 | D        | Reached XP level 1. HP: 14/14 MP: 1/1
    31 | D        | Reached ** piety under Trog
    69 | D        | Reached skill level 4 in Fighting
    69 | D        | Reached XP level 2. HP: 19/20 MP: 2/2
   241 | D        | Reached skill level 5 in Fighting
   241 | D        | Reached XP level 3. HP: 26/26 MP: 3/3
   280 | D        | Noticed a water elemental
   284 | D        | Slain by a water elemental

Illustrated notes

Levels and vault maps discovered:
D:        dungeon_sprint_mu [sprint_mu_entry_cave, sprint_mu_temple_rooms,
          sprint_mu_d1_horrors, sprint_mu_d2_genie, sprint_mu_d3_branching,
          sprint_mu_orc_legion, sprint_mu_elf_gauntlet, sprint_mu_hive_nellie,
          sprint_mu_lair_fedhas, sprint_mu_vaults_butterflies,
          sprint_mu_slime_circle, sprint_mu_shoals_kraken,
          sprint_mu_snake_twists, sprint_mu_blade_basic,
          sprint_mu_crypt_chambers, sprint_mu_tomb_spiral,
          sprint_mu_vestibule_basic, sprint_mu_gehenna_hellfire,
          sprint_mu_dis_giant, sprint_mu_tartarus_statrot,
          sprint_mu_cocytus_islands, sprint_mu_zot1]

Skill      XL: |  1  2 |
---------------+-------+-----
Fighting       | 4 5 |  5.0
Maces & Flails | 4 |  4.8
Dodging        | 2 |  2.1
Armour         | |  2.9

Action                   || total
-------------------------++-------
Melee: Mace              ||    13
Invok: Berserk           ||     3
Armor: Animal skin       ||     2
Dodge: Dodged            ||     4

Table legend: (Time is in decaauts)
 A = Elapsed time spent in this place.
 B = Non-inter-level travel time spent in this place.
 C = Inter-level travel time spent in this place.
 D = Time resting spent in this place.
 E = Time spent auto-exploring this place.
 F = Levels seen in this place.
 G = Mean time per level.
                   A        B        C        D        E       F      G
               +--------+--------+--------+--------+--------+-----+--------+
         Total |    304 |    304 |      0 |    188 |     17 |   1 |  304.0 |
       Dungeon |    304 |    304 |      0 |    188 |     17 |   1 |  304.0 |
               +--------+--------+--------+--------+--------+-----+--------+

Top non-repeatable levels by time:
       D: 304 daAuts
